 Dungeon Crawl Stone Soup version 0.30.1-9-gdf580d7c3d (webtiles) character file.

Game seed: 4207035360430511341

524 lonewolfV2 the Covered (level 7, -10/56 HPs)
             Began as a Formicid Fighter on Sept 29, 2023.
             Mangled by Edmund
             ... wielding a +3 heavy dire flail
              (17 damage)
             ... on level 4 of the Dungeon.
             The game lasted 00:04:12 (3468 turns).

lonewolfV2 the Covered (Formicid Fighter)           Turns: 3468, Time: 00:04:12

Health: -10/56     AC: 14    Str: 22    XL:     7   Next: 46%
Magic:  7/7        EV: 10    Int:  8    God:
Gold:   224        SH:  6    Dex: 13    Spells: 6/6 levels left

rFire   + . .        a - +1 war axe (protect)
rCold   + . .        c - +1 buckler
rNeg    . . .        b - +0 scale mail
rPois   +            (helmet unavailable)
rElec   +            (no cloak)
rCorr   +            (no gloves)
SInv    +            (no boots)
Will    .....        h - amulet of the acrobat Stlth
                     l - ring of flight
HPRegen 0.29/turn    (no ring)
MPRegen 0.10/turn

%: acrobat
@: resistant, under a protective aura, flying
A: permanent stasis, dig shafts and tunnels, antennae 3, four strong arms
a: Dig, Shaft Self


You were on level 4 of the Dungeon.
You visited 1 branch of the dungeon, and saw 4 of its levels.

You collected 224 gold pieces.

Inventory:

Hand Weapons
 a - a +1 war axe of protection (weapon)
Armour
 b - a +0 scale mail (worn)
 c - a +1 buckler (worn)
Jewellery
 f - an amulet of reflection
 h - an amulet of the acrobat (around neck)
 l - a ring of flight (left hand)
Scrolls
 d - a scroll of fog {unknown}
 e - a scroll of vulnerability {unknown}
 i - 3 scrolls of brand weapon
 j - 2 scrolls of teleportation
 p - a scroll of identify
Potions
 k - a potion of brilliance
 m - 2 potions of degeneration
 n - a potion of berserk rage {unknown}
 o - a potion of heal wounds {unknown}
 q - 2 potions of curing {unknown}


   Skills:
 + Level 5.0 Fighting
 + Level 4.8 Axes
 + Level 5.1 Armour
 + Level 1.2 Dodging
 + Level 0.2 Stealth
 + Level 5.1 Shields


You had 6 spell levels left.
You didn't know any spells.
Your spell library contained the following spells:

 Spells                   Type           Power      Damage    Failure   Level
 Ensorcelled Hibernation  Hex/Ice        0%         N/A       89%         2
 Passwall                 Tmut/Erth      0%         N/A       89%         2
 Arcjolt                  Conj/Air       0%         1d10      100%        5
 Maxwell's Capacitive Co  Air            0%         ∞         100%        8
 Swiftness                Air            Unusable   N/A       N/A         3
 Vhi's Electric Charge    Tloc/Air       Unusable   N/A       N/A         3

Dungeon Overview and Level Annotations

Branches:
Dungeon (4/15)
 Temple: D:4-7

Altars:

Shops:
D:4 *

Annotations:
D:4 Edmund


Innate Abilities, Weirdness & Mutations

You cannot be hasted, slowed, berserked, paralysed or teleported.
You can dig through walls and to a lower floor.
You have a pair of large antennae on your head. (SInv)
Your four strong arms can wield two-handed weapons with a shield.


Message History

Your weapon exudes an aura of protection.
Edmund is moderately wounded.
Edmund hits you with a +3 heavy dire flail.
You slash Edmund!
Edmund is heavily wounded.
Edmund hits you with a +3 heavy dire flail!
You hit Edmund.
Edmund is severely wounded.
Edmund barely misses you.
You hit Edmund.
Edmund is severely wounded.
Edmund hits you with a +3 heavy dire flail!
You barely miss Edmund.
Edmund is severely wounded.
Edmund hits you with a +3 heavy dire flail.
You hit Edmund but do no damage.
Edmund is severely wounded.
Edmund closely misses you.
You hit Edmund.
Edmund is severely wounded.
You closely miss Edmund.
Edmund is severely wounded.
You block Edmund's attack.
You closely miss Edmund.
Edmund is severely wounded.
Edmund hits you but does no damage.
You closely miss Edmund.
Edmund is severely wounded.
Edmund hits you with a +3 heavy dire flail!!
* * * LOW HITPOINT WARNING * * *
You hit Edmund.
Your weapon exudes an aura of protection.
Edmund is severely wounded.
Edmund hits you but does no damage.
You feel protected.
You slash Edmund!
Edmund is almost dead.
Edmund says, "People accused me of being a cutpurse!"
Edmund hits you with a +3 heavy dire flail!
You die...

......#.# #...........#
....###.# #.
##############
....'...#
#.#######.......#
....#####
#.#.......###.### ....#
#.#.####### #.# ....#
#.#.##....# #.# ....#
#.#.....#.###.# '#..#
#@####..#.....#
.#..#####
#.@.....#######
.#......##......#####.#
.##.###.##.####[#.....#
.##.#...# #.#.#####
.##.#.### #.#.# ....#.#
#.####.#.# #####.#
#........#
#.#########.###
#.........†.).#


You could see Edmund.

Vanquished Creatures
  A water moccasin (D:4)
  An ogre (D:4)
  2 scorpions (D:4)
  2 hounds (D:4)
  6 adders
  3 gnolls (D:4)
  4 worms
  2 orcs (D:4)
  5 endoplasms
  4 giant cockroaches
  5 goblins
  4 hobgoblins
  9 jackals
  4 quokkas
  3 ball pythons
  5 bats
  5 frilled lizards
  7 kobolds
  4 rats
  3 butterflies (D:2)
79 creatures vanquished.

Notes
Turn   | Place    | Note
-------+----------+-------------------------------------------
     0 | D:1      | lonewolfV2 the Formicid Fighter began the quest for the
                  | Orb.
     0 | D:1      | Reached XP level 1. HP: 18/18 MP: 1/1
   203 | D:1      | Reached XP level 2. HP: 24/24 MP: 2/2
   623 | D:1      | Reached XP level 3. HP: 24/29 MP: 3/3
  1213 | D:2      | Reached XP level 4. HP: 37/37 MP: 4/4
  1369 | D:2      | Found a faded altar of an unknown god.
  2378 | D:4      | Noticed an ogre
  2384 | D:4      | Killed an ogre
  2385 | D:4      | Reached XP level 5. HP: 42/42 MP: 5/5
  2402 | D:4      | Reached XP level 6. HP: 46/48 MP: 6/6
  2428 | D:4      | Reached skill level 5 in Armour
  2494 | D:4      | Reached skill level 1 in Dodging
  2671 | D:4      | Found Egeowuyw's General Store.
  2799 | D:4      | Reached XP level 7. HP: 20/55 MP: 7/7
  3090 | D:4      | Noticed a water moccasin
  3099 | D:4      | Killed a water moccasin
  3100 | D:4      | Reached skill level 5 in Fighting
  3100 | D:4      | Reached skill level 5 in Shields
  3455 | D:4      | Noticed Edmund
  3468 | D:4      | Mangled by Edmund

Illustrated notes

Levels and vault maps discovered:
D:1:      dpeg_arrival_arbitrary_b, layout_basic
D:2:      layout_rooms, shapermc_ecumenical_altar_mp_highgroup,
          minmay_door_square, hangedman_glass_garden, kennysheep_generic_room_11
D:3:      layout_loops_ring
D:4:      minmay_bubble_buster, layout_basic, serial_shops,
          nicolae_shop_peninsula, uniq_edmund

Skill      XL: |  1  2  3  4  5  6  7 |
---------------+----------------------+-----
Axes           | 3 4 |  4.8
Fighting       | 4 5 |  5.0
Armour         | 4 5 |  5.1
Dodging        | 1 |  1.2
Shields        | 5 |  5.1
Stealth        | |  0.2

Action                     |  1- 3 |  4- 6 |  7- 9 || total
---------------------------+-------+-------+-------++-------
  Melee: War axe           |   100 |   115 |    35 ||   250
    Use: Scroll            |       |    12 |       ||    12
         Potion            |       |     1 |     1 ||     2
 Armour: Scale mail        |    47 |    41 |    12 ||   100
  Dodge: Dodged            |    83 |    98 |    17 ||   198
  Block: Buckler           |    20 |    54 |    10 ||    84
